Map: Daybreak LE (Void)

Players

Mika

  • Race: Zerg Zerg
  • League: Diamond
  • Spawn Location: 1:00

Musumeci - Winner!

  • Race: Zerg Zerg
  • League: Diamond
  • Spawn Location: 7:00

VOD

Have the link to the VOD?

Description

Time

  • Played on: Jan. 9, 2017, 8:33 a.m.
  • Length: 9:39
Show
View Real Time Build Order
Export as new Build Order

Mika Zerg 

Build Orders: Hatch First 

Get SALT Encoding   

  12  0:00  Drone  
  13  0:13  Overlord  
  13  0:18  Drone  
  14  0:22  Extractor  
  14  0:23  Drone  
  15  0:32  Drone  
  16  0:36  Drone  
  17  0:54  Hatchery  
  16  0:58  Drone  
  16  1:00  Drone  
  18  1:04  Extractor  
  17  1:19  Spawning Pool  
  17  1:20  Drone  
  17  1:24  Extractor  
  17  1:36  Drone x2  
  19  1:48  Drone  
  20  1:59  Drone  
  21  2:06  Queen x2  
  25  2:09  Overlord  
  25  2:11  Zergling x2  
  26  2:16  Drone  
  26  2:18  Drone  
  28  2:26  Metabolic Boost  
  28  2:32  Drone, Zergling x2  
  28  2:34  Drone  
  31  2:38  Drone  
  32  2:47  Baneling Nest  
  32  2:51  Drone x2  
  33  3:03  Hatchery  
  32  3:06  Zergling x2, Overlord  
  32  3:12  Queen  
  35  3:22  Zergling x2  
  35  3:25  Zergling x8  
  40  3:30  Zergling x2  
  40  3:31  Baneling x2  
  40  3:33  Baneling  
  41  3:37  Overlord  
  41  3:38  Zergling x2  
  41  3:50  Zergling x2  
  41  3:51  Zergling x4  
  41  3:53  Baneling x2  
  43  4:03  Baneling  
  43  4:07  Overlord x2  
  43  4:09  Zergling x10  
  48  4:21  Zergling x8  
  48  4:22  Zergling x2  
  42  4:45  Zergling x14  
  46  4:51  Overlord x2  
  38  4:59  Zergling x6  
  41  5:00  Zergling x2  
  41  5:01  Zergling x2  
  41  5:03  Queen  
  41  5:06  Baneling x2  
  44  5:08  Zergling x2  
  45  5:14  Baneling x3  
  43  5:33  Baneling  
  40  5:43  Baneling  
  40  5:44  Overlord x2  
  40  5:45  Zergling x12  
  40  5:46  Zergling x2  
  40  5:47  Overlord  
  45  5:58  Zergling x4, Overlord  
  45  5:59  Zergling x4  
  48  6:07  Baneling  
  48  6:08  Baneling  
  48  6:12  Baneling  
  44  6:23  Zergling x6, Overlord  
  44  6:24  Zergling x4  
  48  6:36  Overlord  
  48  6:37  Zergling x8  
  48  6:38  Drone x2, Zergling x6  
  48  6:39  Drone  
  58  6:41  Drone  
  59  6:48  Baneling x2  
  59  6:53  Zergling x2  
  59  6:54  Zergling x2  
  60  7:04  Baneling x2  
  56  7:14  Baneling  
  56  7:15  Zergling x4, Overlord  
  46  7:16  Zergling x6  
  46  7:26  Zergling x6  
  49  7:34  Zergling x2  
  46  7:44  Baneling x2, Overlord  
  45  7:45  Zergling x2  
  45  7:49  Queen, Overlord  
  45  7:50  Zergling x2  
  49  7:54  Baneling  
  48  7:59  Hatchery  
  46  8:07  Baneling  
  46  8:11  Drone x3  
  46  8:12  Drone x2, Zergling x2, Overlord  
  52  8:19  Baneling  
  52  8:25  Zergling x2, Overlord  
  53  8:33  Baneling  
  47  8:51  Overlord  
  47  8:52  Zergling x8  
  47  8:55  Overlord  
  46  8:57  Zergling x2  
  46  9:00  Baneling x2  
  46  9:06  Zergling x10  
  46  9:07  Zergling x2  
  48  9:15  Zergling x2  
  20  9:22  Zergling x2  
  9  9:30  Hatchery  
Show
View Real Time Build Order
Export as new Build Order

Musumeci Zerg - Winner!

Build Orders: Hatch First 

Get SALT Encoding   

  12  0:01  Drone  
  13  0:12  Drone  
  14  0:18  Overlord  
  14  0:24  Extractor  
  14  0:26  Drone  
  15  0:37  Drone x2  
  17  0:57  Hatchery  
  16  1:10  Spawning Pool  
  15  1:20  Evolution Chamber  
  15  1:24  Extractor  
  13  1:28  Drone  
  13  1:29  Drone  
  16  1:40  Drone x2  
  18  1:58  Queen  
  18  2:00  Zergling x2  
  21  2:03  Drone  
  22  2:09  Queen, Drone  
  25  2:15  Overlord  
  25  2:24  Metabolic Boost  
  25  2:27  Drone  
  25  2:29  Drone  
  27  2:38  Drone x2  
  27  2:41  Zergling x2  
  30  2:51  Baneling Nest  
  28  3:00  Zergling x6  
  31  3:07  Evolution Chamber  
  31  3:09  Drone x3  
  31  3:10  Drone  
  34  3:17  Zergling x4  
  36  3:29  Overlord  
  35  3:52  Zergling x10  
  39  4:01  Zergling x12  
  42  4:04  Baneling x2  
  42  4:08  Zerg Ground Armor Level 1  
  42  4:22  Baneling x2  
  38  4:45  Zergling x12  
  39  4:54  Zergling x6  
  42  5:01  Drone  
  42  5:15  Hatchery, Baneling x2  
  42  5:16  Baneling x2  
  42  5:17  Zergling x6  
  42  5:18  Overlord  
  43  5:38  Baneling x2  
  40  5:48  Zergling x4  
  40  5:49  Zergling x10  
  46  6:02  Zergling x14  
  52  6:10  Zergling x2  
  51  6:14  Zerg Melee Weapons Level 1  
  49  6:26  Zergling x12  
  49  6:27  Queen  
  57  6:39  Zergling x2  
  58  6:41  Baneling x2  
  58  6:53  Baneling x2  
  58  6:55  Overlord x3  
  57  7:05  Zergling x2  
  57  7:06  Zergling x4  
  54  7:22  Zergling x18  
  55  7:28  Baneling  
  46  7:38  Zergling x6  
  46  7:43  Drone  
  49  7:49  Zergling x8  
  53  8:05  Zergling x6  
  49  8:06  Zergling x2  
  49  8:09  Baneling x2  
  51  8:14  Zergling x16  
  58  8:26  Zergling x2  
  58  8:27  Zergling x10  
  64  8:28  Baneling x2  
  62  8:58  Baneling x2  
  62  8:59  Zergling x12  
  62  9:00  Zergling x12  
Tags
 
Add a new tag
Caveats
  • Supply blocks, unpowered buildings, or Contaminate may cause inaccurate times.
  • Supply counts are checked every 10 seconds.